 Dungeon Crawl Stone Soup version 0.21-a0-507-ga8f6b7a (webtiles) character file.

5 zero the Sneak (level 1, -1/9 HPs)
             Began as a Spriggan Enchanter on Nov 27, 2017.
             Slain by an adder (3 damage)
             ... on level 2 of the Dungeon.
             The game lasted 00:01:21 (619 turns).

zero the Sneak (Spriggan Enchanter)                  Turns: 619, Time: 00:01:21

Health: -1/9       AC:  2    Str:  4    XL:     1   Next: 66%
Magic:  4/5        EV: 18    Int: 16    God:
Gold:   9          SH:  0    Dex: 19    Spells: 4/5 levels left

rFire    . . .     SeeInvis +   a - +1 dagger
rCold    . . .     Gourm    .   (shield restricted)
rNeg     . . .     Faith    .   b - +0 robe
rPois    .         Spirit   .   (helmet restricted)
rElec    .         Reflect  .   (no cloak)
rCorr    .         Harm     .   (gloves unavailable)
MR       .....                  (boots unavailable)
Stlth    +++.......             (no amulet)
HPRegen  0.03/turn              f - +3 ring of dexterity
MPRegen  0.09/turn              (no ring)

@: very quick
A: very small, unfitting armour, see invisible, herbivore 3, speed 3, slow
metabolism 2
a: no special abilities


You were on level 2 of the Dungeon.
You were not hungry.

You visited 1 branch of the dungeon, and saw 2 of its levels.

You collected 9 gold pieces.

Inventory:

Hand Weapons
 a - a +1 dagger (weapon)
Armour
 b - a +0 robe (worn)
Jewellery
 f - a +3 ring of dexterity (left hand)
Scrolls
 e - a scroll of enchant weapon {unknown}
Books
 c - a book of Maledictions

   Spells                             Type                      Level
   a - Corona                         Hexes                        1
   b - Ensorcelled Hibernation        Hexes/Ice                    2
   c - Confuse                        Hexes                        3
   d - Tukima's Dance                 Hexes                        3
   e - Dazzling Spray                 Conjuration/Hexes            3
Comestibles
 d - a bread ration
 g - 2 fruits


   Skills:
 - Level 1.1 Short Blades
 - Level 3.0 Dodging
 + Level 5.1 Stealth
 - Level 2.6 Spellcasting
 - Level 3.6 Hexes


You had 4 spell levels left.
You knew the following spells:

 Your Spells              Type           Power        Failure   Level  Hunger
a - Corona                Hex            ##.....      4%          1    #......


Dungeon Overview and Level Annotations

Branches:
Dungeon (2/15)

Altars:


Innate Abilities, Weirdness & Mutations

You are very small and have problems with some larger weapons.
You are too small for most types of armour.
You have supernaturally acute eyesight. (SInv)
You are a herbivore.
You cover ground extremely quickly.
You need consume almost no food.


Message History

The adder is heavily wounded.
The adder closely misses you.
Casting: Corona
Confirm with . or Enter, or press ? or * to list all spells.
Aiming: Corona
Press: ? - help, Shift-Dir - straight line, f/p - adder
Aim: an adder (heavily wounded, chance to defeat MR: 58%)
The adder is outlined in light.
The adder bites you.
* * * LOW HITPOINT WARNING * * *
The adder completely misses you.
You hit the adder.
The adder is severely wounded.
The adder bites you but does no damage.
You hit the adder.
The adder is almost dead.
The adder completely misses you.
You closely miss the adder.
The adder is almost dead.
The adder misses you. The adder bites you.
You die...

## ### . ..#
..#.#># ###. .#.#
# # #... ..#.#
#.#.#.###S#.#.# #<
........@.$..#
#.####.#....#.####
#.<...............
#.........###.####
#.........# .#
#.........# #
#.........#
######.####
###########.#


You could see an adder.

Vanquished Creatures
  A giant cockroach (D:2)
  A goblin (D:1)
  A hobgoblin (D:1)
  A bat (D:2)
  A rat (D:2)
5 creatures vanquished.

Notes
Turn   | Place    | Note
-------+----------+-------------------------------------------
     0 | D:1      | zero the Spriggan Enchanter began the quest for the Orb.
     0 | D:1      | Reached XP level 1. HP: 9/9 MP: 5/5
   392 | D:2      | Reached skill level 5 in Stealth
   619 | D:2      | Slain by an adder

Vault maps used:
D:1:      giann_bridges, minmay_strange_pillars, minmay_pentomino_o2

Skill      XL: |  1 |
---------------+----+-----
Stealth        | 5 |  5.1
Short Blades   | |  1.1
Dodging        | |  3.0
Spellcasting   | |  2.6
Hexes          | |  3.6

Action                   || total
-------------------------++-------
Melee: Dagger            ||    29
 Cast: Corona            ||     6
 Stab: Sleeping          ||     3
Armor: Robe              ||     3
Dodge: Dodged            ||    33

Table legend:
 A = Spawn XP
 B = Non-spawn XP
 C = Spawn XP percentage of total XP
 D = Spawn monster count
 E = Non-spawn monster count
 F = Spawn count percentage of total count
 G = Total turns spent on level
                    A         B        C        D         E        F      G
               +---------+---------+-------+---------+---------+-------+---------
         Total |       0 |       8 |   0.0 |       0 |       5 |   0.0 |   619
               +---------+---------+-------+---------+---------+-------+---------
           D:1 |       0 |       4 |   0.0 |       0 |       2 |   0.0 |   154
           D:2 |       0 |       4 |   0.0 |       0 |       3 |   0.0 |   465
               +---------+---------+-------+---------+---------+-------+---------
